| TOP OF THE 1ST |
|
Springfield Cardinals batting - Pitching for San Antonio Missions : LHP Ed Valdez
|
|
Pitching: LHP Ed Valdez
|
|
|
Batting: RHB Austin Akers
|
0-0: Fly out, F7 (Flyball, 7, EV 80.6 MPH)
|
|
Batting: RHB Joe Alley
|
0-0: Called Strike 0-1: Foul Ball, location: 2F 0-2: Strikes out swinging
|
|
Batting: RHB Josh Lyon
|
0-0: Ball 1-0: Called Strike 1-1: SOLO HOME RUN (Flyball, 7D, EV 94.4 MPH), Distance : 371 ft
|
|
Batting: RHB Jose Jimenez
|
0-0: Ball 1-0: Fly out, F8 (Flyball, 8RD, EV 101.2 MPH)
|
| Top of the 1st over - 1 run, 1 hit, 0 errors, 0 left on base; Springfield 1 - San Antonio 0 |
| BOTTOM OF THE 1ST |
|
San Antonio Missions batting - Pitching for Springfield Cardinals : RHP Austin Akers
|
|
Pitching: RHP Austin Akers
|
|
|
Batting: RHB Dave McBain
|
0-0: Ground out 1-3 (Groundball, 13S, EV 70.0 MPH)
|
|
Batting: RHB Freddie Brown
|
0-0: Foul Ball, location: 2F 0-1: Ball 1-1: Ball 2-1: Called Strike 2-2: Strikes out swinging
|
|
Batting: RHB Mike Maserang
|
0-0: Ground out 5-3 (Groundball, 56S, EV 81.9 MPH)
|
| Bottom of the 1st over - 0 runs, 0 hits, 0 errors, 0 left on base; Springfield 1 - San Antonio 0 |
| TOP OF THE 2ND |
|
Springfield Cardinals batting - Pitching for San Antonio Missions : LHP Ed Valdez
|
|
Batting: RHB Tommy Boudreaux
|
0-0: SINGLE (Groundball, 56D, EV 97.5 MPH)
|
|
Batting: RHB Davey Beeson
|
0-0: Ball 1-0: Ball 2-0: Called Strike 2-1: Swinging Strike 2-2: Foul Ball, location: 2F 2-2: SINGLE (Flyball, 8RS, EV 93.1 MPH) Tommy Boudreaux to second
|
|
Batting: RHB Immel Kamuzu
|
0-0: Foul Ball, location: 2F 0-1: Ball 1-1: Ball 2-1: SINGLE (Groundball, 6MD, EV 94.4 MPH) Tommy Boudreaux to third Davey Beeson to second
|
|
Batting: RHB Edgar Landim
|
0-0: Called Strike 0-1: Foul Ball, location: 2F 0-2: Ball 1-2: Ball 2-2: Foul Ball, location: 2F 2-2: Foul Ball, location: 2F 2-2: Ball 3-2: Foul Ball, location: 2F 3-2: Strikes out swinging
|
|
Batting: RHB Jonathan Davis
|
0-0: Ground out 6-3 (Groundball, 6S, EV 75.0 MPH) Tommy Boudreaux scores Davey Beeson to third Immel Kamuzu to second
|
|
Batting: RHB Austin Akers
|
0-0: Called Strike 0-1: Swinging Strike 0-2: DOUBLE (Line Drive, 8LD, EV 107.5 MPH) Davey Beeson scores Immel Kamuzu scores
|
|
Batting: RHB Joe Alley
|
0-0: Called Strike 0-1: Ball 1-1: Foul Ball, location: 2F 1-2: Ball 2-2: Ball 3-2: Foul Ball, location: 2F 3-2: Base on Balls
|
|
Batting: RHB Josh Lyon
|
0-0: Called Strike 0-1: Ball 1-1: Ball 2-1: Fielders Choice at 2nd, 4-6 (Groundball, 4MD, EV 106.9 MPH)
|
| Top of the 2nd over - 3 runs, 4 hits, 0 errors, 2 left on base; Springfield 4 - San Antonio 0 |
| BOTTOM OF THE 2ND |
|
San Antonio Missions batting - Pitching for Springfield Cardinals : RHP Austin Akers
|
|
Batting: RHB John Freeman
|
0-0: Ball 1-0: DOUBLE (Flyball, 9LD, EV 103.8 MPH)
|
|
Batting: RHB Cesar Ortega
|
0-0: Ball 1-0: Ball 2-0: Ball 3-0: Base on Balls
|
|
Batting: LHB Teko van de Sande
|
0-0: Ball 1-0: Fly out, F9 (Flyball, 9, EV 96.2 MPH)
|
|
Batting: RHB Jaden Scott
|
0-0: Fly out, F7 (Flyball, 78M, EV 86.9 MPH)
|
|
Batting: RHB Adrian Martinelli
|
0-0: Ball 1-0: Ball 2-0: Called Strike 2-1: Foul Ball, location: 2F 2-2: Strikes out swinging
|
| Bottom of the 2nd over - 0 runs, 1 hit, 0 errors, 2 left on base; Springfield 4 - San Antonio 0 |
| TOP OF THE 3RD |
|
Springfield Cardinals batting - Pitching for San Antonio Missions : LHP Ed Valdez
|
|
Batting: RHB Jose Jimenez
|
0-0: Ball 1-0: Swinging Strike 1-1: Swinging Strike 1-2: Strikes out swinging
|
|
Batting: RHB Tommy Boudreaux
|
0-0: Called Strike 0-1: Ground out U3 (Groundball, 34S, EV 82.5 MPH)
|
|
Batting: RHB Davey Beeson
|
0-0: Called Strike 0-1: Foul Ball, location: 2F 0-2: Ball 1-2: Foul Ball, location: 2F 1-2: Ball 2-2: Strikes out swinging
|
| Top of the 3rd over - 0 runs, 0 hits, 0 errors, 0 left on base; Springfield 4 - San Antonio 0 |
| BOTTOM OF THE 3RD |
|
San Antonio Missions batting - Pitching for Springfield Cardinals : RHP Austin Akers
|
|
Batting: LHB Josh Slusarczyk
|
0-0: Ball 1-0: Called Strike 1-1: Ball 2-1: Ball 3-1: Called Strike 3-2: Fly out, F9 (Flyball, 9S, EV 80.0 MPH)
|
|
Batting: RHB Dave McBain
|
0-0: Ball 1-0: Foul Ball, location: 2F 1-1: Ground out 5-3 (Groundball, 56S, EV 86.9 MPH)
|
|
Batting: RHB Freddie Brown
|
0-0: Called Strike 0-1: Ball 1-1: SOLO HOME RUN (Flyball, 7D, EV 93.8 MPH), Distance : 364 ft
|
|
Batting: RHB Mike Maserang
|
0-0: Ball 1-0: SINGLE (Line Drive, 56, EV 95.6 MPH)
|
|
Batting: RHB John Freeman
|
0-0: Ball 1-0: Ball 2-0: SINGLE (Groundball, 15S, EV 69.4 MPH) (infield hit) Mike Maserang to second
|
|
Batting: RHB Cesar Ortega
|
0-0: Ball 1-0: Ball 2-0: Ball 3-0: Base on Balls Mike Maserang to third John Freeman to second
|
|
Batting: LHB Teko van de Sande
|
0-0: Ball 1-0: Foul Ball, location: 2F 1-1: SINGLE (Groundball, 34S, EV 67.5 MPH) (infield hit) Mike Maserang scores John Freeman to third Cesar Ortega to second
|
|
Batting: RHB Jaden Scott
|
0-0: Called Strike 0-1: Foul Ball, location: 2F 0-2: Ball 1-2: Ball 2-2: Ground out 5-3 (Groundball, 5S, EV 76.2 MPH)
|
| Bottom of the 3rd over - 2 runs, 4 hits, 0 errors, 3 left on base; Springfield 4 - San Antonio 2 |
| TOP OF THE 4TH |
|
Springfield Cardinals batting - Pitching for San Antonio Missions : LHP Ed Valdez
|
|
Batting: RHB Immel Kamuzu
|
0-0: Ball 1-0: Called Strike 1-1: Foul Ball, location: 2F 1-2: Ball 2-2: Foul Ball, location: 2F 2-2: Strikes out swinging
|
|
Batting: RHB Edgar Landim
|
0-0: Called Strike 0-1: Foul Ball, location: 2F 0-2: Ball 1-2: Fly out, F9 (Flyball, 9D, EV 101.9 MPH)
|
|
Batting: RHB Jonathan Davis
|
0-0: Swinging Strike 0-1: Fly out, F8 (Flyball, 8RXD, EV 101.2 MPH)
|
| Top of the 4th over - 0 runs, 0 hits, 0 errors, 0 left on base; Springfield 4 - San Antonio 2 |
| BOTTOM OF THE 4TH |
|
San Antonio Missions batting - Pitching for Springfield Cardinals : RHP Austin Akers
|
|
Batting: RHB Adrian Martinelli
|
0-0: Ball 1-0: Called Strike 1-1: Called Strike 1-2: Strikes out swinging
|
|
Batting: LHB Josh Slusarczyk
|
0-0: Ball 1-0: Called Strike 1-1: Ground out 4-3 (Groundball, 4, EV 82.5 MPH)
|
|
Batting: RHB Dave McBain
|
0-0: Called Strike 0-1: Ground out 6-3 (Groundball, 6, EV 97.5 MPH)
|
| Bottom of the 4th over - 0 runs, 0 hits, 0 errors, 0 left on base; Springfield 4 - San Antonio 2 |
| TOP OF THE 5TH |
|
Springfield Cardinals batting - Pitching for San Antonio Missions : LHP Ed Valdez
|
|
Batting: RHB Austin Akers
|
0-0: Ball 1-0: Called Strike 1-1: Called Strike 1-2: Foul Ball, location: 2F 1-2: Ball 2-2: Strikes out swinging
|
|
Batting: RHB Joe Alley
|
0-0: Ball 1-0: Foul Ball, location: 2F 1-1: Foul Ball, location: 2F 1-2: Ball 2-2: Foul Ball, location: 2F 2-2: Ground out 5-3 (Groundball, 56, EV 78.8 MPH)
|
|
Batting: RHB Josh Lyon
|
0-0: Ball 1-0: Ball 2-0: Ball 3-0: Base on Balls
|
|
Batting: RHB Jose Jimenez
|
0-0: Swinging Strike 0-1: Foul Ball, location: 2F 0-2: Ball 1-2: Ball 2-2: Strikes out swinging
|
| Top of the 5th over - 0 runs, 0 hits, 0 errors, 1 left on base; Springfield 4 - San Antonio 2 |
| BOTTOM OF THE 5TH |
|
San Antonio Missions batting - Pitching for Springfield Cardinals : RHP Austin Akers
|
|
Batting: RHB Freddie Brown
|
0-0: Called Strike 0-1: Called Strike 0-2: Foul Ball, location: 2F 0-2: Ball 1-2: Strikes out looking
|
|
Batting: RHB Mike Maserang
|
0-0: Ball 1-0: Called Strike 1-1: Ball 2-1: Foul Ball, location: 2F 2-2: Foul Ball, location: 2F 2-2: Strikes out swinging
|
|
Batting: RHB John Freeman
|
0-0: Foul Ball, location: 2F 0-1: Ball 1-1: Swinging Strike 1-2: SINGLE (Line Drive, 8LS, EV 95.0 MPH)
|
|
Batting: RHB Cesar Ortega
|
0-0: Foul Ball, location: 2F 0-1: Called Strike John Freeman is caught stealing 2nd base 2-4
|
| Bottom of the 5th over - 0 runs, 1 hit, 0 errors, 0 left on base; Springfield 4 - San Antonio 2 |
| TOP OF THE 6TH |
|
Springfield Cardinals batting - Pitching for San Antonio Missions : LHP Ed Valdez
|
|
Batting: RHB Tommy Boudreaux
|
0-0: Ball 1-0: Ball 2-0: Ball 3-0: Called Strike 3-1: Called Strike 3-2: DOUBLE (Line Drive, 7LM, EV 103.8 MPH)
|
|
Batting: RHB Davey Beeson
|
0-0: Swinging Strike 0-1: Ball 1-1: Fly out, F7 (Flyball, 78S, EV 89.4 MPH)
|
|
Pitching: RHP Moby Cock
|
|
|
Batting: RHB Immel Kamuzu
|
0-0: Ball 1-0: SINGLE (Flyball, 34D, EV 96.2 MPH) Tommy Boudreaux to third
|
|
Batting: RHB Edgar Landim
|
0-0: Ball Immel Kamuzu steals 2nd base 1-0: Called Strike 1-1: Ball 2-1: Foul Ball, location: 2F 2-2: Foul Ball, location: 2F 2-2: Foul Ball, location: 2F 2-2: Ball 3-2: Fly out, F8 (Flyball, 8LD, EV 80.0 MPH) Runner from 3rd tags up, SCORES, throw by CF
|
|
Batting: RHB Jonathan Davis
|
0-0: Intentional Walk
|
|
Batting: RHB Austin Akers
|
0-0: Called Strike 0-1: Ball 1-1: Fielders Choice at 2nd, 6-4 (Groundball, 6, EV 100.0 MPH)
|
| Top of the 6th over - 1 run, 2 hits, 0 errors, 2 left on base; Springfield 5 - San Antonio 2 |
| BOTTOM OF THE 6TH |
|
San Antonio Missions batting - Pitching for Springfield Cardinals : RHP Austin Akers
|
|
Batting: RHB Cesar Ortega
|
0-0: Foul Ball, location: 2F 0-1: Ball 1-1: Foul Ball, location: 2F 1-2: Ball 2-2: Foul Ball, location: 2F 2-2: Ball 3-2: Base on Balls
|
|
Batting: LHB Teko van de Sande
|
0-0: Swinging Strike 0-1: Ball 1-1: Ball Cesar Ortega steals 2nd, throwing error, E2 Cesar Ortega to third 2-1: Foul Ball, location: 2F 2-2: SINGLE (Groundball, 6MD, EV 95.6 MPH) Cesar Ortega scores
|
|
Batting: RHB Jaden Scott
|
0-0: Ball 1-0: Ball 2-0: Called Strike 2-1: Fly out, F9 (Flyball, 9D, EV 102.5 MPH)
|
|
Batting: RHB Adrian Martinelli
|
0-0: Ball Teko van de Sande steals 2nd base (no throw) 1-0: Fly out, F8 (Flyball, 89M, EV 97.5 MPH)
|
|
Batting: LHB Josh Slusarczyk
|
0-0: Called Strike 0-1: Foul Ball, location: 2F 0-2: Strikes out swinging
|
| Bottom of the 6th over - 1 run, 1 hit, 1 error, 1 left on base; Springfield 5 - San Antonio 3 |
| TOP OF THE 7TH |
|
Springfield Cardinals batting - Pitching for San Antonio Missions : RHP Moby Cock
|
|
Batting: RHB Joe Alley
|
0-0: Ball 1-0: Foul Ball, location: 2F 1-1: Ball 2-1: Foul Ball, location: 2F 2-2: Hit by Pitch
|
|
Batting: RHB Josh Lyon
|
0-0: Ball 1-0: Grounds into double play, 6-4-3 (Groundball, 6, EV 106.9 MPH)
|
|
Batting: RHB Jose Jimenez
|
0-0: Ball 1-0: Ball 2-0: Foul Ball, location: 2F 2-1: Ball 3-1: Swinging Strike 3-2: Ground out 6-3 (Groundball, 6, EV 103.1 MPH)
|
| Top of the 7th over - 0 runs, 0 hits, 0 errors, 0 left on base; Springfield 5 - San Antonio 3 |
| BOTTOM OF THE 7TH |
|
San Antonio Missions batting - Pitching for Springfield Cardinals : RHP Austin Akers
|
|
Pitching: RHP Brian Sanderson
|
|
|
Batting: RHB Dave McBain
|
0-0: Fly out, F8 (Flyball, 8RM, EV 88.1 MPH)
|
|
Batting: RHB Freddie Brown
|
0-0: SINGLE (Line Drive, 5D, EV 109.4 MPH)
|
|
Batting: RHB Mike Maserang
|
0-0: Foul Ball, location: 2F 0-1: Foul Ball, location: 2F 0-2: Ball 1-2: Foul Ball, location: 2F 1-2: Strikes out looking
|
|
Batting: RHB John Freeman
|
0-0: Called Strike Freddie Brown is caught stealing 2nd base 2-4
|
| Bottom of the 7th over - 0 runs, 1 hit, 0 errors, 0 left on base; Springfield 5 - San Antonio 3 |
| TOP OF THE 8TH |
|
Springfield Cardinals batting - Pitching for San Antonio Missions : RHP Moby Cock
|
|
Pitching: RHP Colin Dorsey
|
|
|
Batting: RHB Tommy Boudreaux
|
0-0: Ball 1-0: Foul Ball, location: 2F 1-1: Foul Ball, location: 2F 1-2: Ground out U3 (Groundball, 3, EV 103.1 MPH)
|
|
Batting: RHB Davey Beeson
|
0-0: Ball 1-0: Foul Ball, location: 2F 1-1: Ball 2-1: SINGLE (Groundball, 56D, EV 99.4 MPH)
|
|
Batting: RHB Immel Kamuzu
|
0-0: Ball 1-0: Fly out, F5 (Line Drive, 5L, EV 71.9 MPH)
|
|
Batting: RHB Edgar Landim
|
0-0: Ball Davey Beeson steals 2nd base 1-0: Called Strike 1-1: Ground out 6-3 (Groundball, 6, EV 84.4 MPH)
|
| Top of the 8th over - 0 runs, 1 hit, 0 errors, 1 left on base; Springfield 5 - San Antonio 3 |
| BOTTOM OF THE 8TH |
|
San Antonio Missions batting - Pitching for Springfield Cardinals : RHP Brian Sanderson
|
|
Batting: RHB John Freeman
|
0-0: Ball 1-0: Ball 2-0: Called Strike 2-1: Swinging Strike 2-2: Foul Ball, location: 2F 2-2: Foul Ball, location: 2F 2-2: Ball 3-2: Base on Balls
|
|
Batting: RHB Cesar Ortega
|
0-0: Ball 1-0: Fly out, F8 (Flyball, 78D, EV 99.4 MPH)
|
|
Batting: LHB Teko van de Sande
|
0-0: Ball 1-0: Called Strike 1-1: Ball Wild Pitch! John Freeman to second 2-1: Ball 3-1: Base on Balls
|
|
Batting: LHB Matt Patnaude
|
0-0: Foul Ball, location: 2F 0-1: Ball 1-1: Fly out, F7 (Flyball, 78S, EV 80.6 MPH)
|
|
Batting: RHB Adrian Martinelli
|
0-0: Ball 1-0: Ground out 3-1 (Groundball, 34S, EV 87.5 MPH)
|
| Bottom of the 8th over - 0 runs, 0 hits, 0 errors, 2 left on base; Springfield 5 - San Antonio 3 |
| TOP OF THE 9TH |
|
Springfield Cardinals batting - Pitching for San Antonio Missions : RHP Colin Dorsey
|
|
Pitching: RHP Tony Delgado
|
|
|
Pinch Hitting: LHB Travis Ruppel
|
0-0: SINGLE (Groundball, 34D, EV 107.5 MPH)
|
|
Batting: RHB Austin Akers
|
0-0: Ball 1-0: Sac Bunt to 23 - play at first, batter OUT! 3-4 Travis Ruppel to second
|
|
Batting: RHB Joe Alley
|
0-0: Foul Ball, location: 2F 0-1: Fly out, F8 (Flyball, 8RM, EV 97.5 MPH)
|
|
Batting: RHB Josh Lyon
|
0-0: Ground out 5-3 (Groundball, 5, EV 81.2 MPH)
|
| Top of the 9th over - 0 runs, 1 hit, 0 errors, 1 left on base; Springfield 5 - San Antonio 3 |
| BOTTOM OF THE 9TH |
|
San Antonio Missions batting - Pitching for Springfield Cardinals : RHP Brian Sanderson
|
|
Pitching: LHP Nick Suggett
|
|
|
Now at 2B: Tyler Walker
|
|
|
Pinch Hitting: RHB Roberto Monzon
|
0-0: Called Strike 0-1: Ground out 6-3 (Groundball, 6, EV 81.2 MPH)
|
|
Batting: RHB Dave McBain
|
0-0: Ball 1-0: Ground out 5-3 (Groundball, 5, EV 80.6 MPH)
|
|
Batting: RHB Freddie Brown
|
0-0: Ball 1-0: Ball 2-0: Called Strike 2-1: Foul Ball, location: 2F 2-2: DOUBLE (Flyball, 78D, EV 93.8 MPH)
|
|
Batting: RHB Mike Maserang
|
0-0: DOUBLE (Line Drive, 89D, EV 107.5 MPH) Freddie Brown scores
|
|
Batting: RHB John Freeman
|
0-0: Ball 1-0: Ground out 4-3 (Groundball, 4M, EV 105.6 MPH)
|
| Bottom of the 9th over - 1 run, 2 hits, 0 errors, 1 left on base; Springfield 5 - San Antonio 4 |
|